[Event "ICC tourney 2056 (3 2)"]
[Site "Internet Chess Club"]
[Date "2020.10.12"]
[Round "4"]
[White "pawnsacrifice5"]
[Black "liuchess"]
[Result "1-0"]
[ICCResult "Black checkmated"]
[WhiteElo "1988"]
[BlackElo "1529"]
[Opening "QGD: Tarrasch, Prague variation"]
[ECO "D33"]
[NIC "TD.12"]
[Time "19:45:45"]
[TimeControl "180+2"]

1. Nf3 Nf6 2. d4 d5 3. c4 e6 4. Nc3 c5 5. cxd5 exd5 6. g3 Nc6 7. Bg2 Be6 8.
O-O Be7 9. dxc5 Bxc5 10. b3 O-O 11. Bb2 d4 12. Na4 Be7 13. Nxd4 Nxd4 14.
Qxd4 Qxd4 15. Bxd4 Nd5 16. Nc3 Nxc3 17. Bxc3 Rab8 18. Be5 Rbc8 19. Bxb7 Rc2
20. e3 f6 21. Bd4 a5 22. Rfc1 Rxc1+ 23. Rxc1 Rb8 24. Bf3 a4 25. bxa4 Bxa2
26. a5 Rb5 27. a6 Bd5 28. Bxd5+ Rxd5 29. Ra1 Rd8 30. a7 Ra8 31. Rb1 Bd6 32.
Kg2 Kf7 33. Rb7+ Kg6 34. Kf3 h6 35. h4 Rg8 36. Rb6 Bc7 37. Rc6 Ba5 38. Ra6
Ra8 39. Rxa5 Kf7 40. Rb5 Ke6 41. Rb6+ Kd7 42. Rb7+ Kc6 43. Rxg7 f5 44. Rh7
Rg8 45. Rxh6+ Kb7 46. Rf6 Rg4 47. Rf7+ Ka8 48. Rf8+ Kb7 49. a8=Q+ Kc7 50.
Qb8+ Kd7 51. Qc8+ Ke7 52. Qd8+ Ke6 53. Qe8+ Kd5 54. Rxf5+ Kc4 55. Qb5#
{Black checkmated}
1-0

[Event "ICC tourney 2056 (3 2)"]
[Site "Internet Chess Club"]
[Date "2020.10.12"]
[Round "4"]
[White "chief2006"]
[Black "Atomic-Player"]
[Result "0-1"]
[ICCResult "White forfeits on time"]
[WhiteElo "1296"]
[BlackElo "1511"]
[Opening "Giuoco Pianissimo"]
[ECO "C55"]
[NIC "IG.01"]
[Time "19:45:41"]
[TimeControl "180+2"]

1. e4 e5 2. Nf3 Nc6 3. Bc4 Nf6 4. d3 Bc5 5. c3 O-O 6. O-O h6 7. Bb3 d6 8. h3
a6 9. Nbd2 Ne7 10. Re1 Ng6 11. d4 Ba7 12. Nf1 Be6 13. d5 Bd7 14. Ng3 Qc8 15.
Be3 Bxh3 16. gxh3 Qxh3 17. Bxa7 Rxa7 18. Qe2 Nf4 19. Qf1 Qg4 20. Re3 N6h5
21. Nh2 Qg6 22. Bd1 f5 23. Bxh5 Nxh5 24. Qg2 f4 {White forfeits on time} 0-1

[Event "ICC tourney 2056 (3 2)"]
[Site "Internet Chess Club"]
[Date "2020.10.12"]
[Round "4"]
[White "Alec-hine"]
[Black "shanmukha123"]
[Result "0-1"]
[ICCResult "White resigns"]
[WhiteElo "1685"]
[BlackElo "1589"]
[Opening "QGD Slav: exchange variation, 6.Bf4 Bf5"]
[ECO "D14"]
[NIC "SL.02"]
[Time "19:45:46"]
[TimeControl "180+2"]

1. d4 c6 2. c4 d5 3. cxd5 cxd5 4. Nf3 Nf6 5. Nc3 Nc6 6. Bf4 Bf5 7. Qb3 Qb6
8. Qxb6 axb6 9. e3 e6 10. Bb5 Bb4 11. Ke2 Bxc3 12. bxc3 Ne4 13. Rhc1 O-O 14.
c4 dxc4 15. Rxc4 Rfc8 16. Nd2 Na5 17. Rcc1 Nc3+ 18. Rxc3 Rxc3 19. e4 Bg6 20.
f3 Nb3 21. Nxb3 Rxb3 22. Bc4 Rb2+ 23. Bd2 b5 24. Bb3 Rxb3 25. Rc1 Rb2 26.
Rc7 h6 27. Rxb7 Raxa2 28. Rb8+ Kh7 {White resigns} 0-1

[Event "ICC tourney 2056 (3 2)"]
[Site "Internet Chess Club"]
[Date "2020.10.12"]
[Round "4"]
[White "saikanth"]
[Black "ChessMonkey123"]
[Result "1-0"]
[ICCResult "Black forfeits on time"]
[WhiteElo "1471"]
[BlackElo "1351"]
[Opening "Queen's pawn: London system"]
[ECO "A45"]
[NIC "QP.07"]
[Time "19:45:47"]
[TimeControl "180+2"]

1. d4 Nf6 2. Bf4 e6 3. e3 d5 4. Bd3 c5 5. c3 Nc6 6. Nd2 Bd6 7. Bg3 c4 8. Bc2
b5 9. f4 a5 10. Ngf3 b4 11. Ba4 Bd7 12. Ne5 Nxe5 13. fxe5 Bxa4 14. Qxa4+ Nd7
15. exd6 Qg5 16. Ke2 Qg4+ 17. Nf3 bxc3 18. bxc3 Rb8 19. Rab1 Rxb1 20. Rxb1
f6 21. Rb8+ Kf7 22. Qxd7+ Kg6 23. Rxh8 Qe4 24. Qe8+ Kh6 25. Bf4+
{Black forfeits on time}
1-0

[Event "ICC tourney 2056 (3 2)"]
[Site "Internet Chess Club"]
[Date "2020.10.12"]
[Round "4"]
[White "HemingLiu"]
[Black "danaglin"]
[Result "0-1"]
[ICCResult "White checkmated"]
[WhiteElo "1103"]
[BlackElo "1210"]
[Opening "French: Steinitz, Boleslavsky variation"]
[ECO "C11"]
[NIC "FR.04"]
[Time "19:45:49"]
[TimeControl "180+2"]

1. e4 e6 2. d4 d5 3. Nc3 Nf6 4. e5 Nfd7 5. f4 c5 6. Nf3 Nc6 7. Be3 Be7 8.
Qd2 cxd4 9. Nxd4 O-O 10. O-O-O a6 11. Bd3 b5 12. h4 b4 13. Na4 Qa5 14. Nxc6
Qxa4 15. Nxe7+ Kh8 16. Nxc8 Raxc8 17. Kb1 Nc5 18. Bxc5 Rxc5 19. b3 Qa3 20.
Qc1 Qa5 21. g4 Rfc8 22. g5 Qb6 23. h5 a5 24. a4 bxa3 25. Qxa3 Qc7 26. Qb2 a4
27. g6 axb3 28. Qxb3 Rb8 29. gxh7 Rxb3+ 30. cxb3 Qb6 31. Bc2 Qb4 32. f5 Qc3
33. Rh2 Qxe5 34. fxe6 Qxh2 35. exf7 Qxc2+ 36. Ka1 Ra5# {White checkmated}
0-1

[Event "ICC tourney 2056 (3 2)"]
[Site "Internet Chess Club"]
[Date "2020.10.12"]
[Round "4"]
[White "hackerguru"]
[Black "elevinchess"]
[Result "1-0"]
[ICCResult "Black checkmated"]
[WhiteElo "1494"]
[BlackElo "1620"]
[Opening "English: symmetrical, four knights system"]
[ECO "A30"]
[NIC "QP.11"]
[Time "19:45:47"]
[TimeControl "180+2"]

1. Nf3 Nf6 2. c4 c5 3. Nc3 Nc6 4. d4 cxd4 5. Nxd4 g6 6. e4 d6 7. Be2 Bg7 8.
Be3 O-O 9. O-O Nxd4 10. Bxd4 Be6 11. f3 Nd7 12. Bxg7 Kxg7 13. Qd4+ f6 14.
Rfd1 Qb6 15. Nd5 Bxd5 16. exd5 Qxd4+ 17. Rxd4 a5 18. Rb1 Nc5 19. Kf2 Rfc8
20. Bf1 Kf7 21. h4 a4 22. Rd2 Ra6 23. b4 axb3 24. axb3 Rb6 25. Rdb2 Na6 26.
b4 h6 27. Ke3 g5 28. h5 f5 29. g4 Kf6 30. gxf5 Rf8 31. f4 Kxf5 32. Bd3+ Kf6
33. fxg5+ hxg5 34. Rf2+ Kg7 35. h6+ Kxh6 36. Rxf8 Nxb4 37. Rg8 Kh5 38. Be2+
Kh4 39. Rh1+ Kg3 40. Rxg5# {Black checkmated} 1-0

[Event "ICC tourney 2056 (3 2)"]
[Site "Internet Chess Club"]
[Date "2020.10.12"]
[Round "4"]
[White "blackjack721"]
[Black "MagnumPI"]
[Result "1-0"]
[ICCResult "Black checkmated"]
[WhiteElo "1296"]
[BlackElo "1242"]
[Opening "Alekhine's defense: four pawns attack"]
[ECO "B03"]
[NIC "AL.07"]
[Time "19:45:46"]
[TimeControl "180+2"]

1. e4 Nf6 2. e5 Nd5 3. d4 d6 4. c4 Nb6 5. f4 dxe5 6. fxe5 e6 7. Nf3 Bb4+ 8.
Nc3 O-O 9. Qd3 c5 10. Be3 cxd4 11. Bxd4 Nc6 12. O-O-O Bxc3 13. bxc3 Bd7 14.
Qe3 Nxc4 15. Qf4 Nxd4 16. Rxd4 Na3 17. Bd3 Qb6 18. Rb4 Qc5 19. Bxh7+ Kxh7
20. Ng5+ Kg8 21. Kb2 Nb5 22. Rc1 a5 23. Qh4 Qxc3+ 24. Rxc3 Rfd8 25. Qh7+ Kf8
26. Qh8+ Ke7 27. Qxg7 Rf8 28. Qf6+ Ke8 29. Rxb5 Bxb5 30. Rc7 Bd7 31. Ne4 Ra6
32. Nd6+ Rxd6 33. exd6 b5 34. Qe7# {Black checkmated} 1-0

[Event "ICC tourney 2056 (3 2)"]
[Site "Internet Chess Club"]
[Date "2020.10.12"]
[Round "4"]
[White "StevChess01"]
[Black "BillietheKid"]
[Result "1-0"]
[ICCResult "Black forfeits on time"]
[WhiteElo "1362"]
[BlackElo "1370"]
[Opening "QGD: semi-Slav"]
[ECO "D31"]
[NIC "SL.06"]
[Time "19:45:48"]
[TimeControl "180+2"]

1. d4 d5 2. c4 e6 3. Nc3 c6 4. Nf3 Bb4 5. Qb3 Ba5 6. e3 Nf6 7. Nd2 O-O 8.
Bd3 a6 9. O-O b5 10. a3 bxc4 11. Nxc4 dxc4 12. Bxc4 Nbd7 13. Qc2 Nb6 14. Ba2
Nbd5 15. b4 Bc7 16. Bb2 Qd6 17. g3 e5 18. Ne2 e4 19. Rac1 Bg4 20. Nc3 Bf3
21. Nxd5 Nxd5 22. Qxc6 Rad8 23. Qxd6 Rxd6 24. Bxd5 Rxd5 25. Rxc7 h5 26. h4
g5 27. hxg5 Rxg5 28. Rc5 f5 29. Rfc1 h4 30. Kh2 hxg3+ 31. fxg3 Rh5+ 32. Kg1
Rh1+ 33. Kf2 Rh2+ 34. Ke1 Rxb2 35. R1c2 Rb1+ 36. Kd2 Rd1+ 37. Kc3 Rd3+ 38.
Kb2 Rxe3 39. d5 Rd3 40. R2c3 Rxc3 41. Kxc3 Rd8 42. Kd4 Bd1 43. Rc6 Bb3 44.
Rc5 {Black forfeits on time} 1-0

[Event "ICC tourney 2056 (3 2)"]
[Site "Internet Chess Club"]
[Date "2020.10.12"]
[Round "4"]
[White "pmchess98"]
[Black "garfield92037"]
[Result "1-0"]
[ICCResult "Black forfeits on time"]
[WhiteElo "1379"]
[BlackElo "1247"]
[Opening "Sicilian: Alapin's variation (2.c3)"]
[ECO "B22"]
[NIC "SI.46"]
[Time "19:45:53"]
[TimeControl "180+2"]

1. e4 c5 2. c3 Nc6 3. d4 cxd4 4. cxd4 d5 5. e5 Bf5 6. Nf3 e6 7. Bd3 Bg6 8.
O-O Be7 9. Nc3 Rc8 10. Be3 f6 11. exf6 Nxf6 12. Ne5 Bxd3 13. Qxd3 O-O 14. a3
Qe8 15. f4 Qh5 16. Rf3 Bd6 17. Rh3 Qf5 18. Qe2 Ne4 19. Rh5 Nxc3 20. bxc3 Qe4
21. Re1 Nxe5 22. fxe5 Be7 23. Rh3 Rxc3 24. Qh5 Rf7 25. Bf2 Rxh3 26. Qxh3 Qf5
27. Qe3 Bg5 28. Qe2 Rc7 29. Rf1 Rc2 30. Qb5 Qf7 31. Bh4 {Black forfeits on
time} 1-0

[Event "ICC tourney 2056 (3 2)"]
[Site "Internet Chess Club"]
[Date "2020.10.12"]
[Round "4"]
[White "gbassman77"]
[Black "wildrumpus"]
[Result "1-0"]
[ICCResult "Black forfeits on time"]
[WhiteElo "1402"]
[BlackElo "1337"]
[Opening "Queen's Indian defense"]
[ECO "A47"]
[NIC "QP.06"]
[Time "19:45:56"]
[TimeControl "180+2"]

1. d4 Nf6 2. Nf3 b6 3. Bf4 Bb7 4. e3 e6 5. Bd3 Be7 6. O-O O-O 7. c4 d5 8.
Nc3 c5 9. cxd5 Nxd5 10. Nxd5 Bxd5 11. Rc1 Nd7 12. Qc2 Nf6 13. e4 Nh5 14.
exd5 Nxf4 15. Bxh7+ Kh8 16. dxe6 g6 17. Qe4 Nxe6 18. Bxg6 fxg6 19. Qxe6 Rf6
20. Qh3+ Kg7 21. dxc5 Bxc5 22. Rcd1 Qf8 23. Rd7+ Rf7 24. Rfd1 Be7 25. Qe6
Re8 26. Qe5+ Bf6 27. Qg3 Qc5 28. Rxf7+ Kxf7 29. h3 Qc2 30. Rd7+ Re7 31.
Rxe7+ Bxe7 32. Ne5+ Kg7 33. Ng4 Qd1+ 34. Kh2 Bd6 35. Ne5 Qd5 36. Qxg6+ Kf8
37. f4 Qxa2 38. Qxd6+ {Black forfeits on time} 1-0

[Event "ICC tourney 2056 (3 2)"]
[Site "Internet Chess Club"]
[Date "2020.10.12"]
[Round "4"]
[White "cjcardoso"]
[Black "pescadilla"]
[Result "0-1"]
[ICCResult "White resigns"]
[WhiteElo "1436"]
[BlackElo "1714"]
[Opening "French: advance variation"]
[ECO "C02"]
[NIC "FR.03"]
[Time "19:45:43"]
[TimeControl "180+2"]

1. e4 e6 2. d4 d5 3. e5 c5 4. c3 Bd7 5. Bd3 a6 6. a4 f5 7. Nf3 Nc6 8. Bc2
Nh6 9. Bxh6 gxh6 10. dxc5 Bxc5 11. b4 Be7 12. Qe2 Rg8 13. g3 Qc7 14. Qe3
O-O-O 15. Na3 Bg5 16. Nxg5 hxg5 17. b5 Nxe5 18. b6 Qd6 19. O-O g4 20. Rfc1
Nf3+ 21. Kg2 Bc6 22. Nb5 axb5 23. axb5 Bxb5 24. Ra8+ Kd7 25. Ra7 Bc6 26. c4
d4 27. Qh6 Nh4+ 28. Kf1 d3 29. Qxh7+ Qe7 30. Qxh4 dxc2 31. Rxc2 Qxh4 32.
gxh4 Kd6 33. Rd2+ Kc5 34. Ra5+ Kxb6 35. Rda2 Bf3 36. Ra1 Rd4 37. c5+ Kc7 38.
R5a3 Rgd8 39. Rc3 Rd1+ {White resigns} 0-1

[Event "ICC tourney 2056 (3 2)"]
[Site "Internet Chess Club"]
[Date "2020.10.12"]
[Round "4"]
[White "Knightboy123"]
[Black "maddieweber789"]
[Result "0-1"]
[ICCResult "White checkmated"]
[WhiteElo "1339"]
[BlackElo "1533"]
[Opening "French: exchange variation"]
[ECO "C01"]
[NIC "FR.01"]
[Time "19:45:42"]
[TimeControl "180+2"]

1. e4 e6 2. d4 d5 3. exd5 exd5 4. Nf3 Nf6 5. Bd3 Be7 6. c3 O-O 7. O-O c6 8.
h3 Re8 9. Bf4 Nbd7 10. Nbd2 Nf8 11. Ne5 Be6 12. Ndf3 Ne4 13. Bc2 f6 14. Nd3
b6 15. Re1 Ng6 16. Bh2 Bf8 17. Nd2 Bf7 18. Nxe4 dxe4 19. Nf4 f5 20. Nxg6
Bxg6 21. Qd2 Bd6 22. Rad1 Bxh2+ 23. Kxh2 Qd6+ 24. Kg1 Rad8 25. Bb3+ Kh8 26.
d5 cxd5 27. Qxd5 Qxd5 28. Rxd5 Rxd5 29. Bxd5 Rd8 30. Bb3 h6 31. Rd1 Rxd1+
32. Bxd1 Kg8 33. Kf1 Kf8 34. Ke2 Bf7 35. a3 Ke7 36. Ke3 g5 37. g3 Kd6 38. f4
Bc4 39. h4 g4 40. b3 Bd3 41. Be2 Bxe2 42. Kxe2 b5 43. Ke3 Kc5 44. Ke2 h5 45.
Ke3 a6 46. Ke2 a5 47. Ke3 a4 48. bxa4 bxa4 49. Ke2 Kd5 50. Ke3 Kc4 51. Kd2
Kb3 52. Kc1 Kxc3 53. Kb1 Kb3 54. Kc1 Kxa3 55. Kd2 Kb2 56. Kd1 a3 57. Ke1 a2
58. Kd2 a1=Q 59. Ke2 Qc1 60. Kf2 e3+ 61. Kg2 e2 62. Kh2 e1=Q 63. Kg2 Qcd2#
{White checkmated}
0-1

[Event "ICC tourney 2056 (3 2)"]
[Site "Internet Chess Club"]
[Date "2020.10.12"]
[Round "4"]
[White "BreatheChessAls"]
[Black "lucachesschess"]
[Result "1-0"]
[ICCResult "Black forfeits on time"]
[WhiteElo "1605"]
[BlackElo "1447"]
[Opening "Queen's pawn: London system"]
[ECO "A45"]
[NIC "QP.07"]
[Time "19:45:44"]
[TimeControl "180+2"]

1. d4 Nf6 2. Bf4 g6 3. e3 Bg7 4. Nf3 d6 5. Be2 O-O 6. O-O Nbd7 7. h3 Re8 8.
c4 c5 9. Nc3 Qc7 10. d5 a6 11. Qd2 Nb6 12. a4 Bf5 13. a5 Nbd7 14. Rfe1 Ne4
15. Nxe4 Bxe4 16. Ng5 Nf6 17. Nxe4 Nxe4 18. Qc2 f5 19. Bf3 Nf6 20. Red1 Rf8
21. Ra2 Rf7 22. b3 Raf8 23. Qd2 Qd7 24. Rc2 h6 25. h4 Nh7 26. b4 g5 27. hxg5
hxg5 28. Bh2 f4 29. exf4 gxf4 30. bxc5 Ng5 31. Qe2 Qf5 32. Bg4 Qf6 33. Be6
f3 34. Bxf7+ Rxf7 35. Qd3 Nh3+ 36. gxh3 Qg5+ 37. Bg3 Be5 38. Qf1 Bxg3 39.
fxg3 Qxg3+ 40. Kh1 Kf8 41. c6 bxc6 42. dxc6 f2 43. Rd3 Qf4 44. c7 Qe4+ 45.
Kh2 {Black forfeits on time} 1-0

[Event "ICC tourney 2056 (3 2)"]
[Site "Internet Chess Club"]
[Date "2020.10.12"]
[Round "4"]
[White "javasri"]
[Black "Tombstone"]
[Result "1/2-1/2"]
[ICCResult "White stalemated"]
[WhiteElo "1646"]
[BlackElo "1646"]
[Opening "Sicilian defense"]
[ECO "B20"]
[NIC "SI.48"]
[Time "19:45:43"]
[TimeControl "180+2"]

1. e4 c5 2. c4 d6 3. Nf3 Nc6 4. d4 cxd4 5. Nxd4 Nf6 6. Nc3 g6 7. Be3 Bg7 8.
Be2 O-O 9. O-O Nxd4 10. Bxd4 b6 11. Qd2 Bb7 12. f3 Rc8 13. Rfd1 h5 14. Rac1
Kh7 15. b3 Bh6 16. Be3 Bg7 17. Nd5 Bxd5 18. exd5 Nd7 19. Bd4 Ne5 20. f4 Nd7
21. Bxg7 Kxg7 22. Bf3 Nf6 23. Qd4 Qc7 24. Re1 Rfe8 25. b4 Kh7 26. h3 Nd7 27.
Re3 b5 28. Be2 bxc4 29. Rxc4 Qb6 30. Qxb6 Nxb6 31. Rxc8 Nxc8 32. Bb5 Rd8 33.
a4 Kg7 34. Bc6 Kf6 35. a5 e6 36. b5 Ne7 37. b6 axb6 38. axb6 Rb8 39. Rb3
exd5 40. Bd7 Rb7 41. Be8 Nc8 42. Bc6 Rxb6 43. Bxd5 Rxb3 44. Bxb3 Nb6 45. Kf2
d5 46. Ke3 Ke6 47. g4 hxg4 48. hxg4 Nd7 49. Kd4 Nb6 50. Kc5 Nd7+ 51. Kc6 Nf6
52. g5 Nh5 53. Bxd5+ Ke7 54. f5 gxf5 55. Kc5 Nf4 56. Kd4 Nh3 57. Ke5 Nxg5
58. Kxf5 Ne6 59. Bxe6 fxe6+ 60. Ke5 Kf7 61. Ke4 Kf6 62. Kf4 e5+ 63. Ke4 Ke6
64. Ke3 Kd6 65. Ke4 Ke6 66. Ke3 Kf6 67. Ke4 Ke6 68. Ke3 Ke7 69. Ke4 Kd6 70.
Ke3 Kd5 71. Kd3 e4+ 72. Ke3 Ke5 73. Ke2 Kf6 74. Ke3 Kf5 75. Ke2 Kf4 76. Kf2
e3+ 77. Ke2 Ke4 78. Ke1 Kd4 79. Ke2 Ke4 80. Ke1 Kd3 81. Kd1 e2+ 82. Ke1 Ke3
{White stalemated}
1/2-1/2

[Event "ICC tourney 2056 (3 2)"]
[Site "Internet Chess Club"]
[Date "2020.10.12"]
[Round "4"]
[White "pika0008"]
[Black "oxdidi"]
[Result "1-0"]
[ICCResult "Black checkmated"]
[WhiteElo "1340"]
[BlackElo "1147"]
[Opening "King's Indian: 5.Nf3"]
[ECO "E90"]
[NIC "KI.20"]
[Time "19:46:07"]
[TimeControl "180+2"]

1. Nf3 Nf6 2. c4 g6 3. Nc3 Bg7 4. e4 d6 5. d4 O-O 6. h3 Nbd7 7. Be3 b6 8.
Qd2 Bb7 9. d5 c6 10. Be2 Qc7 11. O-O Rad8 12. Rac1 Rfe8 13. b4 a5 14. dxc6
Bxc6 15. Nd5 Bxd5 16. cxd5 Qb7 17. bxa5 bxa5 18. Qxa5 Nxe4 19. Rc7 Qb2 20.
Bd3 Nec5 21. Bb1 Ra8 22. Qe1 Qb6 23. Rxd7 Qb5 24. Bxc5 dxc5 25. Rxe7 Rxe7
26. Qxe7 Re8 27. Qc7 Bf6 28. d6 Bd8 29. Qa7 Bb6 30. Qa3 Rd8 31. Qd3 c4 32.
Qc3 Rxd6 33. Rc1 Bc7 34. Nd4 Qe5 35. Qxc4 Rxd4 36. Qxc7 Qxc7 37. Rxc7 Rd1+
38. Kh2 Rxb1 39. Ra7 Rb2 40. Kg3 Kg7 41. a4 Ra2 42. a5 Kf6 43. a6 h5 44. Kf3
Ra3+ 45. Ke4 g5 46. Ra8 Ke6 47. a7 f5+ 48. Kd4 Ra4+ 49. Kc5 Ra5+ 50. Kb6 Ra1
51. Re8+ Kf7 52. a8=Q Rb1+ 53. Kc7 Rc1+ 54. Kd6 Rd1+ 55. Ke5 Re1+ 56. Kxf5
Rxe8 57. Qxe8+ Kxe8 58. Kxg5 Kf7 59. Kxh5 Kf6 60. f4 Kf5 61. g3 Kf6 62. g4
Kg7 63. f5 Kg8 64. h4 Kh8 65. Kg6 Kg8 66. f6 Kf8 67. f7 Ke7 68. Kg7 Ke6 69.
f8=Q Ke5 70. h5 Kd5 71. h6 Kc6 72. h7 Kb5 73. h8=Q Kc4 74. g5 Kc3 75. Kf6
Kc2 76. g6 Kd1 77. g7 Kc1 78. g8=Q Kc2 79. Qd8 Kb1 80. Qc4 Ka1 81. Qa8+ Kb1
82. Qhb8# {Black checkmated} 1-0

[Event "ICC tourney 2056 (3 2)"]
[Site "Internet Chess Club"]
[Date "2020.10.12"]
[Round "4"]
[White "Rook99"]
[Black "NSXchessplayer"]
[Result "0-1"]
[ICCResult "White forfeits on time"]
[WhiteElo "1285"]
[BlackElo "1407"]
[Opening "Réti opening"]
[ECO "A11"]
[NIC "QP.09"]
[Time "19:45:42"]
[TimeControl "180+2"]

1. Nf3 d5 2. c4 c6 3. cxd5 cxd5 4. b3 Nf6 5. Bb2 e6 6. g3 Be7 7. Bg2 b6 8.
O-O Bb7 9. e3 O-O 10. d3 Nbd7 11. Nbd2 Rc8 12. Rc1 Rxc1 13. Qxc1 Qc8 14. e4
dxe4 15. dxe4 Nxe4 16. Nxe4 Bxe4 17. Qxc8 Rxc8 18. Rd1 Nc5 19. b4 Nd3 20.
Ba3 Rc3 21. Bb2 Nxb2 22. Rd7 Kf8 23. Ne5 Bxg2 24. Kxg2 f6 25. Nf3 Bxb4 26.
Rxa7 Bc5 27. Ra8+ Kf7 28. Ra7+ Kg6 29. Nh4+ Kh6 30. a4 Rc2 31. a5 Rxf2+ 32.
Kh3 Nd3 33. a6 Re2 34. Rc7 Nf2+ 35. Kg2 Ne4+ 36. Kf1 Rf2+ 37. Ke1 Ra2 38. a7
b5 39. Rb7 Rxa7 40. Rxb5 Ra1+ 41. Ke2 g5 42. Nf3 Ra2+ 43. Kd3 Ra3+ 44. Kxe4
f5+ 45. Ke5 Rxf3 46. Rxc5 Re3+ 47. Kd4 Re4+ 48. Kd3 Kg6 49. Rc6 h5
{White forfeits on time}
0-1

[Event "ICC tourney 2056 (3 2)"]
[Site "Internet Chess Club"]
[Date "2020.10.12"]
[Round "4"]
[White "Kinawa"]
[Black "Jett503"]
[Result "0-1"]
[ICCResult "White checkmated"]
[WhiteElo "1474"]
[BlackElo "1288"]
[Opening "French: Tarrasch"]
[ECO "C03"]
[NIC "FR.07"]
[Time "19:45:56"]
[TimeControl "180+2"]

1. e4 e6 2. d4 d5 3. Nd2 dxe4 4. Nxe4 c5 5. Nf3 Nf6 6. Bg5 Nbd7 7. dxc5 Be7
8. Nd6+ Bxd6 9. cxd6 h6 10. Bh4 O-O 11. Be2 Qa5+ 12. c3 Qf5 13. O-O Ne4 14.
Bd3 Qd5 15. Bxe4 Qxe4 16. Be7 Re8 17. Re1 Qf5 18. Qd4 b6 19. Ne5 Nc5 20. b4
Nd7 21. Nxd7 Bxd7 22. Re5 Qg6 23. Rae1 Bc6 24. f3 Bxf3 25. Qf2 Bc6 26. R1e3
Bd7 27. Rg3 Qb1+ 28. Re1 Qf5 29. Qe3 Qh5 30. Rf1 Rac8 31. Rh3 Qg6 32. Rg3
Qh5 33. Qd3 f5 34. Qe3 Rc4 35. Qd3 Re4 36. Re3 Rxe3 37. Qxe3 Qg6 38. Qf4 Rc8
39. Rf3 b5 40. Rg3 Qh5 41. Qd4 Qf7 42. Qh4 Kh7 43. Qd4 Rc4 44. Qxa7 Re4 45.
Qxd7 Re1+ 46. Kf2 Ra1 47. Qa7 Rc1 48. Qa3 Rc2+ 49. Ke1 f4 50. Rf3 Qf5 51.
Qb3 Qe5+ 52. Kf1 Qe2+ 53. Kg1 Rc1+ 54. Rf1 Qxf1# {White checkmated} 0-1

[Event "ICC tourney 2056 (3 2)"]
[Site "Internet Chess Club"]
[Date "2020.10.12"]
[Round "4"]
[White "chessrex"]
[Black "stephenwilly"]
[Result "1-0"]
[ICCResult "Black checkmated"]
[WhiteElo "1888"]
[BlackElo "1485"]
[Opening "Old Benoni defense"]
[ECO "A43"]
[NIC "OI.09"]
[Time "19:46:29"]
[TimeControl "180+2"]

1. d4 c5 2. Nf3 cxd4 3. b4 d5 4. a3 a6 5. Nxd4 e5 6. Nf3 Nc6 7. e3 Bg4 8.
Be2 Nf6 9. Bb2 Bd6 10. Nbd2 O-O 11. c4 Bc7 12. cxd5 Nxd5 13. O-O Re8 14. Nc4
e4 15. Nd4 Bxe2 16. Qxe2 Ne5 17. Nxe5 Bxe5 18. Rad1 Qh4 19. g3 Qh3 20. Rfe1
Nf6 21. Qf1 Qg4 22. Qe2 Qh3 23. Qf1 Qh5 24. Ba1 Ng4 25. h3 Nf6 26. Kg2 Bxd4
27. Bxd4 Qf3+ 28. Kh2 Rad8 29. Qe2 Qf5 30. Bxf6 Qxf6 31. Kg2 h6 32. Kg1 Qf5
33. Kh2 Qf6 34. Rd2 Rxd2 35. Qxd2 Rd8 36. Qc2 b6 37. Kg1 Qf3 38. Qe2 Qxe2
39. Rxe2 Rd1+ 40. Kg2 Ra1 41. Rd2 Rxa3 42. Rd6 b5 43. Rd4 a5 44. bxa5 Rxa5
45. Rxe4 Ra4 46. Re8+ Kh7 47. Rb8 Rb4 48. Kf3 Kg6 49. e4 Kf6 50. Rb6+ Ke5
51. Rb7 Ke6 52. Kf4 g5+ 53. Kf3 f6 54. Rb8 Ke5 55. Re8+ Kd4 56. Re6 Rb3+ 57.
Kg4 b4 58. Rxf6 Kxe4 59. Re6+ Kd5 60. Rxh6 Rc3 61. Kxg5 b3 62. Rb6 Kc5 63.
Rb8 Kc4 64. h4 Rc2 65. f4 b2 66. h5 Kc3 67. h6 Rg2 68. g4 Rf2 69. h7 Rh2 70.
Kg6 Rh3 71. g5 Rh4 72. Rxb2 Kxb2 73. f5 Kc3 74. Kg7 Kd4 75. h8=Q Rxh8 76.
Kxh8 Ke5 77. g6 Kf6 78. g7 Kxf5 79. g8=Q Ke5 80. Qc4 Kd6 81. Kg7 Ke5 82. Qd3
Kf4 83. Kf6 Kg4 84. Qe3 Kh4 85. Kf5 Kh5 86. Qh3# {Black checkmated} 1-0

[Event "ICC tourney 2056 (3 2)"]
[Site "Internet Chess Club"]
[Date "2020.10.12"]
[Round "4"]
[White "Vidipkona"]
[Black "PearsonH"]
[Result "1/2-1/2"]
[ICCResult "Game drawn by repetition"]
[WhiteElo "1584"]
[BlackElo "1457"]
[Opening "French: exchange variation"]
[ECO "C01"]
[NIC "FR.01"]
[Time "19:46:18"]
[TimeControl "180+2"]

1. e4 e6 2. d4 d5 3. exd5 exd5 4. Nf3 Nf6 5. Be2 Bd6 6. O-O O-O 7. Bg5 Bf5
8. Nc3 c6 9. Bd3 Bxd3 10. Qxd3 Nbd7 11. Rfe1 Qc7 12. Bh4 Rfe8 13. Bg3 Bxg3
14. hxg3 h6 15. Ne2 Ne4 16. Nc3 Ndf6 17. Nd2 Nxc3 18. Qxc3 Qd7 19. Nf3 Rxe1+
20. Rxe1 Re8 21. Ne5 Qd6 22. Kh2 Ne4 23. Qf3 Qf6 24. Qxf6 Nxf6 25. f3 Nd7
26. Nd3 Rxe1 27. Nxe1 f5 28. Nd3 Kf7 29. Kg1 Kf6 30. Kf2 g5 31. Ke3 b6 32.
b4 Ke6 33. c3 a5 34. a3 axb4 35. axb4 Kf6 36. Nb2 b5 37. Nd3 Ke6 38. Nc5+
Nxc5 39. bxc5 Kd7 40. Kd3 Kc7 41. Kc2 Kb7 42. Kb3 Ka7 43. Ka3 Kb7 44. Kb4
Ka7 45. Ka5 Kb7 46. Kb4 Ka6 47. Kb3 Ka5 48. Ka3 Ka6 49. Kb2 Ka5 50. Kb3 g4
51. f4 h5 52. Ka3 Ka6 53. Kb4 Kb7 54. Ka5 Ka7 55. Kb4 Ka6 56. Kb3 Ka5 57.
Ka3 Ka6 58. Kb4 Kb7 59. Ka5 Ka7 60. Kb4 Ka6 61. Kb3 Ka5 62. Ka3 Ka6 63. Ka2
Ka5 64. Kb3 Ka6 65. Kb4 Kb7 66. Ka5 Ka7 67. Kb4 Ka6 68. Kb3 Ka5 69. Ka3 Ka6
70. Kb4 Kb7 71. Kb3 Ka7 72. Kb2 Ka6 73. Ka2 Ka5 74. Ka3 Ka6 75. Ka2 Kb7 76.
Kb2 Ka7 77. Kc2 Ka6 78. Kb3 Kb7 79. Kb4 Ka6 80. Kb3 Ka5 81. Ka3 Ka6 82. Kb4
Kb7 83. Kb3 Ka7 84. Kb4 Ka6 85. Kb3 Ka5 86. Ka3 Ka6 87. Kb4
{Game drawn by repetition}
1/2-1/2

[Event "ICC tourney 2056 (3 2)"]
[Site "Internet Chess Club"]
[Date "2020.10.12"]
[Round "4"]
[White "Laxman90"]
[Black "steinutz"]
[Result "0-1"]
[ICCResult "White checkmated"]
[WhiteElo "1510"]
[BlackElo "1525"]
[Opening "King's Indian: 5.Nf3"]
[ECO "E90"]
[NIC "KI.21"]
[Time "19:46:01"]
[TimeControl "180+2"]

1. d4 Nf6 2. c4 d6 3. Nc3 g6 4. Nf3 Bg7 5. e4 O-O 6. Bd3 Nc6 7. O-O e5 8. d5
Ne7 9. Bg5 h6 10. Bh4 a5 11. Qd2 Nh7 12. h3 f6 13. Nh2 g5 14. Bg3 Ng6 15.
Ne2 Nf4 16. Bxf4 exf4 17. Nxf4 gxf4 18. Qxf4 Qe7 19. Ng4 Ng5 20. h4 h5 21.
Ne3 Nf7 22. Nf5 Qe5 23. Qf3 Bxf5 24. exf5 Qd4 25. b3 Qxh4 26. Rae1 Ne5 27.
Qe3 Kh7 28. Be2 Bh6 29. Qg3 Qxg3 30. fxg3 Rg8 31. Kh2 Rg5 32. Rf4 Rag8 33.
Rh4 Rxg3 34. Rg1 R3g5 35. Bd1 Rxf5 36. Bc2 Kg6 37. Bxf5+ Kxf5 38. Rxh5+ Kg6
39. Rh4 Bg5 40. Rh3 Ng4+ 41. Kg3 Ne3 42. Re1 f5 43. Kf3 f4 44. g3 Nc2 45.
Re6+ Kf5 46. gxf4 Nd4+ 47. Kf2 Nxe6 48. fxg5 Nxg5 49. Rd3 Ne4+ 50. Ke3 Rg3+
51. Kd4 Rxd3+ 52. Kxd3 c5 53. dxc6 bxc6 54. Kd4 Nd2 55. Kc3 Nf3 56. Kd3 Ke5
57. a3 Nd4 58. b4 axb4 59. a4 c5 60. a5 Nc6 61. a6 Kf4 62. Ke2 Ke4 63. Kd2
Kd4 64. Kc2 Kxc4 65. Kb2 d5 66. Kc2 b3+ 67. Kb2 Kb4 68. Ka1 c4 69. Kb1 Kb5
70. a7 Nxa7 71. Kb2 Kb4 72. Kb1 Nb5 73. Ka1 Kc3 74. Kb1 Kd2 75. Kb2 Nd4 76.
Ka1 c3 77. Kb1 c2+ 78. Kb2 c1=Q# {White checkmated} 0-1

[Event "ICC tourney 2056 (3 2)"]
[Site "Internet Chess Club"]
[Date "2020.10.12"]
[Round "5"]
[White "garfield92037"]
[Black "HemingLiu"]
[Result "1-0"]
[ICCResult "Black checkmated"]
[WhiteElo "1270"]
[BlackElo "1075"]
[Opening "Ruy Lopez: Möller defense"]
[ECO "C78"]
[NIC "RL.12"]
[Time "19:58:15"]
[TimeControl "180+2"]

1. e4 e5 2. Nf3 Nc6 3. Bb5 a6 4. Ba4 Nf6 5. O-O Bc5 6. c3 O-O 7. Bc2 d6 8.
d4 exd4 9. cxd4 Nxd4 10. Nxd4 Bxd4 11. Qxd4 Bg4 12. Nc3 c5 13. Qd3 b5 14.
Bg5 h6 15. Bxf6 Qxf6 16. e5 dxe5 17. Qh7# {Black checkmated} 1-0